 Dungeon Crawl Stone Soup version 0.30-a0-578-gdee14c521f (webtiles) character file.

Game seed: 12414511301119426833

438173 experimilk the Metallomancer (level 22, -10/150 (177) HPs)
             Began as a Grey Draconian Conjurer on Dec 31, 2022.
             Was the Champion of Vehumet.
             Killed from afar by a Tzitzimitl (53 damage)
             ... with a bolt of negative energy
             ... called by a doom hound
             ... on level 4 of the Depths on Jan 1, 2023.
             The game lasted 03:52:55 (78463 turns).

experimilk the Metallomancer (DrCj)                Turns: 78463, Time: 03:52:55

HP:   -10/150 (177) AC: 30    Str:  8    XL:     22   Next: 97%
MP:   7/52          EV: 14    Int: 34    God:    Vehumet [******]
Gold: 1681          SH: 16    Dex: 15    Spells: 10/55 levels left

rFire   . . .      SeeInvis +    t - +7 demon blade (drain)
rCold   . . .      Faith    .    s - +5 kite shield {reflect}
rNeg    . . .      Spirit   .    (body armour unavailable)
rPois   .          Reflect  +    V - +2 hat {Int+3}
rElec   .          Harm     .    q - +2 cloak {rCorr}
rCorr   +          Rampage  .    y - +2 pair of gloves
Will    +....                    e - +1 pair of boots "Lero" {Int+5 Stlth+}
Stlth   +++                      z - amulet of magic regeneration
HPRegen 0.45/turn                B - ring of Udwiatod {Fly rCorr AC+4 SInv}
MPRegen 0.73/turn                E - ring "Taaclu" {MP+9 Dex+2}

@: flying, studying Short Blades, heavily drained
A: AC +16, amphibious, unfitting armour, cold-blooded, weak 1
}: 2/15 runes: serpentine, barnacled
a: Renounce Religion


You were on level 4 of the Depths.
You worshipped Vehumet.
Vehumet was exalted by your worship.
You visited 9 branches of the dungeon, and saw 42 of its levels.
You visited the Abyss 3 times.
You visited 1 bazaar.
You also visited: Ice Cave, Volcano and Wizlab.

You collected 5253 gold pieces.
You spent 3572 gold pieces at shops.

Inventory:

Hand Weapons
 t - a +7 demon blade of draining (weapon)
 Q - a +5 spectral long sword
Armour
 e - the +1 pair of boots "Lero" (worn) {Int+5 Stlth+}
   (You found it on level 5 of the Dungeon)

   Int:       It affects your intelligence (+5).
   Stlth:     It makes you more stealthy.
 q - a +2 cloak of preservation (worn)
 s - a +5 kite shield of reflection (worn)
 y - a +2 pair of gloves (worn)
 V - a +2 hat of intelligence (worn)
Jewellery
 a - the ring "Yron" {Fire rElec Str+6}
   (You took it off a fire giant in a wizard's laboratory)

   [ring of fire]

   It enhances your fire magic.
   Str:       It affects your strength (+6).
   rF:        It protects you from fire.
   rC:        It makes you vulnerable to cold.
   rElec:     It insulates you from electricity.
 d - a ring of willpower
 k - a ring of flight
 l - a ring of poison resistance
 x - a ring of protection from cold
 z - an amulet of magic regeneration (around neck)
 B - the ring of Udwiatod (left hand) {Fly rCorr AC+4 SInv}
   (You found it in a wizard's laboratory)

   [ring of protection]

   AC:        It affects your AC (+4).
   SInv:      It lets you see invisible.
   Fly:       It grants you flight.
   rCorr:     It protects you from acid and corrosion.
 E - the ring "Taaclu" (right hand) {MP+9 Dex+2}
   (You acquired it on level 5 of the Lair of Beasts)

   [ring of magical power]

   Dex:       It affects your dexterity (+2).
   MP:        It affects your magic capacity (+9).
 Y - a ring of protection from fire
Wands
 p - a wand of flame (44)
 M - a wand of light (17)
 P - a wand of iceblast (28)
 U - a wand of digging (7)
Scrolls
 f - 16 scrolls of teleportation
 i - 6 scrolls of torment
 j - 9 scrolls of fog
 v - 9 scrolls of fear
 w - 3 scrolls of amnesia
 D - 5 scrolls of immolation
 H - 3 scrolls of summoning
 I - 4 scrolls of blinking
 J - 6 scrolls of poison
 K - 10 scrolls of vulnerability
 N - a scroll of enchant armour
 S - a scroll of magic mapping
 W - a scroll of silence
Potions
 b - a potion of berserk rage
 g - 3 potions of resistance
 h - 18 potions of curing
 n - 5 potions of lignification
 o - 4 potions of magic
 u - 4 potions of cancellation
 A - 7 potions of haste
 C - 8 potions of invisibility
 O - 8 potions of mutation
 R - 4 potions of brilliance
 T - a potion of ambrosia
 X - 5 potions of might
Miscellaneous
 c - a lightning rod (3/4)
 r - a phantom mirror
 F - a condenser vane (inert)
 G - a phial of floods (inert)
 L - a tin of tremorstones (inert)
 Z - a box of beasts


   Skills:
 + Level 10.8 Fighting
 - Level 10.0 Long Blades
 - Level 7.0 Dodging
 - Level 1.7 Stealth
 - Level 9.0 Shields
 - Level 17.0 Spellcasting
 - Level 21.0 Conjurations
 - Level 11.0 Necromancy
 - Level 9.0 Translocations
 - Level 5.0 Transmutations
 * Level 24.3 Earth Magic
 - Level 13.0 Evocations


You had 10 spell levels left.
You knew the following spells:

 Your Spells              Type           Power      Damage    Failure   Level
a - Shatter               Erth           57%        3d43*     4%          9
b - Borgnjor's Vile Clut  Necr/Erth      49%        N/A       1%          5
c - Magic Dart            Conj           100%       1d8       0%          1
d - Lee's Rapid Deconstr  Erth           57%        3d26*     0%          5
i - Apportation           Tloc           100%       N/A       1%          1
m - Agony                 Necr           81%        N/A       1%          5
p - Petrify               Tmut/Erth      91%        N/A       1%          4
q - Blink                 Tloc           100%       N/A       1%          2
w - Lesser Beckoning      Tloc           100%       N/A       1%          3
x - Iskenderun's Mystic   Conj/Tloc      92%        2d18      1%          4
z - Iron Shot             Conj/Erth      55%        9d10      1%          6

Your spell library contained the following spells:

 Spells                   Type           Power      Damage    Failure   Level
 Maxwell's Capacitive Co  Air            14%        ∞         100%        8
 Chain Lightning          Conj/Air       39%        3d52      100%        9
 Kiss of Death            Conj/Necr      100%       2d13      0%          1
 Sandblast                Erth           100%       2d20      0%          1
 Momentum Strike          Conj/Tloc      100%       3d10      0%          2
 Passwall                 Tmut/Erth      75%        N/A       0%          2
 Searing Ray              Conj           100%       2d8       0%          2
 Stone Arrow              Conj/Erth      100%       3d13      0%          3
 Iskenderun's Battlesphe  Conj           100%       2d15      0%          5
 Freeze                   Ice            100%       1d10      1%          1
 Necrotise                Necr           100%       1d9       1%          1
 Cigotuvi's Dreadful Rot  Necr/Pois/Air  100%       N/A       1%          2
 Scorch                   Fire           56%        2d8       1%          2
 Sublimation of Blood     Necr           81%        N/A       1%          2
 Dazzling Flash           Conj/Hex       100%       N/A       1%          3
 Hailstorm                Conj/Ice       79%        3d16      1%          3
 Ignite Poison            Fire/Tmut/Pois 40%        N/A       1%          3
 Kindle Blastsparks       Fire/Tloc/Air  98%        2d18      1%          3
 Mephitic Cloud           Conj/Pois/Air  66%        N/A       1%          3
 Portal Projectile        Hex/Tloc       100%       N/A       1%          3
 Vampiric Draining        Necr           81%        2d11      1%          3
 Dispel Undead            Necr           81%        3d26      1%          4
 Flame Wave               Conj/Fire      79%        2d17      1%          4
 Fulminant Prism          Conj/Hex       39%        3d17      1%          4
 Leda's Liquefaction      Hex/Erth       42%        N/A       1%          4
 Manifold Assault         Tloc           74%        N/A       1%          4
 Passage of Golubria      Tloc           74%        N/A       1%          4
 Sticky Flame             Conj/Fire      79%        2d9       1%          4
 Fireball                 Conj/Fire      39%        3d16      1%          5
 Conjure Ball Lightning   Conj/Air       39%        3x3d14    1%          6
 Starburst                Conj/Fire      39%        6d11      1%          6
 Statue Form              Tmut/Erth      60%        N/A       1%          6
 Orb of Destruction       Conj           53%        9d13      1%          7
 Frozen Ramparts          Ice            56%        1d9       2%          3
 Inner Flame              Hex/Fire       28%        N/A       2%          3
 Slow                     Hex            100%       N/A       3%          1
 Summon Small Mammal      Summ           100%       N/A       3%          1
 Call Imp                 Summ           28%        N/A       4%          2
 Ensorcelled Hibernation  Hex/Ice        56%        N/A       4%          2
 Death Channel            Necr           40%        N/A       4%          6
 Call Canine Familiar     Summ           28%        N/A       9%          3
 Confusing Touch          Hex            28%        N/A       9%          3
 Ozocubu's Armour         Ice            28%        N/A       9%          3
 Summon Guardian Golem    Hex/Summ       28%        N/A       9%          3
 Swiftness                Air            28%        N/A       9%          3
 Tukima's Dance           Hex            28%        N/A       9%          3
 Yara's Violent Unravell  Hex/Tmut       22%        3d10      9%          5
 Spellforged Servitor     Conj/Summ      39%        N/A       10%         7
 Ice Form                 Ice/Tmut       45%        N/A       11%         4
 Blade Hands              Tmut           29%        N/A       11%         5
 Summon Forest            Summ/Tloc      28%        N/A       13%         5
 Cause Fear               Hex            14%        N/A       30%         4
 Summon Ice Beast         Ice/Summ       28%        N/A       30%         4
 Alistair's Intoxication  Tmut/Pois      30%        N/A       30%         5
 Eringya's Noxious Bog    Tmut/Pois      22%        N/A       38%         6
 Simulacrum               Ice/Necr       30%        N/A       43%         6
 Metabolic Englaciation   Hex/Ice        14%        N/A       63%         5
 Silence                  Hex/Air        14%        N/A       63%         5
 Summon Mana Viper        Hex/Summ       28%        N/A       63%         5
 Summon Cactus Giant      Summ           14%        N/A       99%         6
 Monstrous Menagerie      Summ           14%        N/A       100%        7
 Storm Form               Tmut/Air       22%        N/A       100%        7
 Discord                  Hex            14%        N/A       100%        8
 Ignition                 Fire           14%        3d6       100%        8
 Summon Horrible Things   Summ           14%        N/A       100%        8
 Animate Armour           Summ/Erth      Unusable   N/A       N/A         4

Dungeon Overview and Level Annotations

Branches:
Dungeon (15/15)            Temple (1/1) D:5            Lair (5/5) D:8
 Shoals (4/4) Lair:2        Snake (4/4) Lair:3        Slime (0/5) Lair:5
    Orc (2/2) D:11            Elf (3/3) Orc:2        Vaults (4/5) D:13
  Crypt (0/3) Vaults:2     Depths (4/4) D:15          IceCv (visited)
Volcano (visited)          WizLab (visited)
    Zot: Depths:4

Altars:
Cheibriados
Elyvilon
Gozag
Kikubaaqudgha
Makhleb
Nemelex Xobeh
Okawaru
Ru
Sif Muna
Vehumet
Wu Jian
Xom
Yredelemnul
Zin
Jiyva
Lugonu

Shops:
D:3 (   D:6 (   D:7 *   D:12 :(:![   D:14 *   Orc:1 *   Orc:2 [((=:   Elf:3 (
Shoals:2 *   Snake:1 *?:*   Snake:3 [   Depths:2 :   Depths:3 ?

Portals:
Hell: Depths:1 Depths:2 Depths:3 Depths:4
Abyss: Lair:5 Depths:3
Pandemonium: Depths:1 Depths:2 Depths:4
Ziggurat: Depths:2

Annotations:
D:8 4 transporters
D:13 exclusion: obsidian statue
Snake:3 2 transporters, experimilk's ghost, adept DrCj
Elf:2 3 runed translucent doors
Depths:3 1 runed translucent door


Innate Abilities, Weirdness & Mutations

Your dull iron-grey scales are very hard. (AC +16)
You are amphibious.
You cannot fit into any form of body armour.
You are cold-blooded and may be slowed by cold attacks.
You are weak. (Str -2)


Message History

The condenser dries out!
The reaper is engulfed in acidic fog.
The acid corrodes the reaper!
The Tzitzimitl is engulfed in acidic fog.
The acid corrodes the Tzitzimitl!
The Tzitzimitl gestures at you. The bolt of negative energy hits you!!
You feel drained.
* * * LOW HITPOINT WARNING * * *
The reaper is engulfed in acidic fog.
The acid corrodes the reaper!
You block the reaper's attack.
The Tzitzimitl is engulfed in acidic fog.
The acid corrodes the Tzitzimitl!
You feel much better.
The reaper is engulfed in acidic fog.
The reaper seems to be corroded for longer.
The Tzitzimitl is engulfed in acidic fog.
The Tzitzimitl seems to be corroded for longer.
The reaper is engulfed in acidic fog.
The reaper misses you.
The Tzitzimitl is engulfed in acidic fog.
The Tzitzimitl seems to be corroded for longer.
You feel much better.
The reaper is engulfed in acidic fog.
You block the reaper's attack.
The Tzitzimitl is engulfed in acidic fog.
The Tzitzimitl seems to be corroded for longer.
The Tzitzimitl calls on the powers of darkness!
Your body is wracked with pain!
* * * LOW HITPOINT WARNING * * *
The reaper is engulfed in acidic fog.
You kill the reaper!
Vehumet accepts your kill.
You feel your power returning.
The Tzitzimitl is engulfed in acidic fog.
Training target 9.0 for Shields reached!
Your Shields skill increases to level 9!
You feel much better.
The Tzitzimitl is engulfed in acidic fog.
The Tzitzimitl seems to be corroded for longer.
The Tzitzimitl gestures at you.
The bolt of negative energy hits the reaper.
The reaper completely resists.
The bolt of negative energy hits you!!!
You feel drained.
You die...

.... ........h........
....####.#§§......)..∩...
........##§##...##.......
........##§#8...8#(......
....)....11##...##.......
..~....§§§§##[..##.......
.......§§2.##...##.......
#§§§.#8...8#.......
#.@~.# #######. #..~.# ##
##...# #...# ....# ....#
#...# ..... .....


You could see 2 Tzitzimimeh and a reaper (corroded).

Vanquished Creatures
  Saint Roka (Orc:2)
  Vv (Depths:3)
  Margery (Depths:3)
  7 golden dragons
  A caustic shrike (Depths:3)
  A profane servitor (Abyss:3)
  An electric golem (WizLab)
  2 doom hounds (Depths:4)
  Jorgrun (Elf:1)
  Zenata (Elf:1)
  2 Hell Sentinels
  5 liches
  A walking divine tome (Depths:3)
  2 titans (Depths:3)
  A deep elf blademaster (Elf:3)
  Asterion (Elf:1)
  3 tentacled monstrosities (Depths:3)
  3 walking earthen tomes
  Grunn (Depths:4)
  2 quicksilver dragons (Snake:4)
  A deep elf master archer (Elf:3)
  A walking frostbound tome (Depths:3)
  A kraken (Shoals:4)
  2 tentacled starspawn
  2 Executioners
  4 sphinxes
  A shadow dragon (Depths:3)
  3 tengu reavers (Depths:3)
  Donald (Snake:4)
  A storm dragon (Depths:4)
  The ghost of drugrobin the Warrior, a journeyman DgDe (Snake:1)
  5 nagarajas (Snake:4)
  7 fire giants
  4 frost giants
  2 iron dragons (Depths:3)
  11 deep elf sorcerers
  14 vault wardens
  Louise (D:14)
  A draconian scorcher (Abyss:2)
  An angel (WizLab)
  A draconian shifter (Abyss:3)
  5 stone giants
  A cacodemon (Abyss:2)
  2 reapers (Depths:4)
  23 very ugly things
  12 ironbound preservers
  A spriggan defender (Depths:3)
  3 war gargoyles
  18 ironbound thunderhulks
  2 vampire knights
  7 deep elf demonologists (Elf:3)
  A red draconian (Volcano)
  4 deep elf annihilators (Elf:3)
  16 dire elephants
  A purple draconian (Depths:4)
  7 ettins
  5 merfolk javelineers
  A fire dragon (Depths:4)
  A blizzard demon (Depths:1)
  11 merfolk impalers
  9 deep elf death magi
  7 crystal guardians
  7 great orbs of eyes
  5 deep elf high priests
  5 yaktaur captains
  2 entropy weavers
  4 hydras
  3 rakshasas
  10 vault guards
  6 ice dragons
  9 peacekeepers
  2 salamander tyrants (Snake:4)
  4 merfolk avatars
  2 spriggan air magi (Depths:3)
  3 ogre magi
  6 anacondas
  13 naga warriors
  4 merfolk aquamancers (Shoals:4)
  20 ironbound frosthearts
  17 dancing weapons
  6 death yaks
  13 centaur warriors
  8 boulder beetles
  10 two-headed ogres
  A satyr (Shoals:4)
  2 tengu warriors
  A deep troll shaman (Depths:3)
  7 shock serpents
  2 deep troll earth magi (Depths:4)
  6 thrashing horrors
  3 orc high priests
  4 spriggan berserkers
  A titan zombie (Vaults:3)
  8 deep elf knights
  Urug (Lair:1)
  10 naga sharpshooters
  11 hell knights (Depths:3)
  3 salamander mystics
  A goliath frog (shapeshifter) (Depths:1)
  2 iron trolls
  4 skeletal warriors (D:12)
  A storm dragon skeleton (Depths:1)
  3 sixfirhies (Abyss:2)
  34 deep trolls
  A flayed ghost (Depths:3)
  2 spatial maelstroms (Abyss:3)
  7 wizards
  3 orc knights
  8 deep elf archers
  An orange crystal statue (Depths:2)
  4 naga ritualists
  10 lindwurms
  A glowing orange brain (Depths:3)
  11 ironbound convokers
  6 sea snakes
  19 harpies
  23 deep elf zephyrmancers
  3 orc sorcerers
  24 deep elf pyromancers
  5 necromancers
  4 mana vipers
  38 ugly things
  7 fauns (Shoals:1)
  A stone giant zombie (Vaults:3)
  8 cyclopes
  17 salamanders
  A worldbinder (Abyss:3)
  29 black mambas
  11 elephants
  16 vault sentinels
  17 manticores
  Maurice (Orc:1)
  A water nymph (shapeshifter) (Elf:3)
  5 merfolk sirens
  19 naga magi
  2 ice statues (IceCv)
  5 guardian serpents
  A molten gargoyle (WizLab)
  7 water nymphs
  A rust devil (Depths:4)
  An elf zombie (Vaults:4)
  A cane toad (shapeshifter) (D:13)
  2 smoke demons (Abyss:3)
  17 cane toads
  6 orange demons
  7 gargoyles
  2 torpor snails
  An unseen horror (D:11)
  Psyche (D:10)
  A kobold demonologist (D:9)
  10 yaktaurs
  An efreet (Abyss:2)
  A rime drake (shapeshifter) (D:14)
  2 tengu conjurers
  A hellion (Depths:4)
  2 rime drakes (Lair:2)
  13 komodo dragons
  A tormentor (Depths:4)
  8 ancient zymes
  3 freezing wraiths
  An ice devil (Depths:4)
  2 human skeletons (Vaults:4)
  A red devil (Depths:4)
  A golden dragon simulacrum (Depths:4)
  A harpy zombie (Abyss:2)
  3 meliai (D:15)
  31 merfolk
  3 polar bears
  A tengu simulacrum (Depths:4)
  2 meliai (shapeshifter)
  A hellwing (Depths:4)
  6 trolls
  A hornet (Depths:3)
  17 blink frogs
  4 wind drakes
  22 raiju
  12 snapping turtles
  A spriggan zombie (Depths:1)
  10 dream sheep
  An air elemental (Elf:2)
  A centaur simulacrum (D:14)
  Sigmund (D:5)
  25 slime creatures
  58 yaks
  2 spriggans
  5 wyverns
  4 ynoxinuls
  2 shadows
  A vampire (D:14)
  4 fire elementals
  A hog (shapeshifter) (Abyss:2)
  19 water elementals
  10 fire bats
  3 wraiths
  4 chaos spawn
  2 steam dragons
  4 redbacks
  7 vampire mosquitoes
  A death yak simulacrum (D:12)
  5 basilisks
  2 neqoxecs
  2 spatial vortices (Abyss:3)
  7 wargs
  39 nagas
  A harpy simulacrum (IceCv)
  15 water moccasins
  2 acid dragons
  A tengu skeleton (Depths:1)
  5 hell hounds (Abyss:2)
  17 large abominations
  A hydra simulacrum (IceCv)
  3 sky beasts
  A meliai simulacrum (D:14)
  44 orc warriors
  2 sky beasts (shapeshifter) (Lair:5)
  A black bear (D:8)
  4 ice beasts
  14 ogres
  24 small abominations
  5 wolves (Lair:3)
  2 boggarts (Elf:1)
  7 centaurs
  A phantom (D:4)
  9 kobold brigands
  6 bullfrogs
  5 earth elementals
  A gnoll sergeant (D:6)
  12 wights
  3 two-headed ogre simulacra (D:12)
  9 scorpions
  2 elephant simulacra (IceCv)
  A human simulacrum (Vaults:3)
  4 killer bees
  An electric eel (Lair:3)
  6 howler monkeys
  6 lava snakes (Volcano)
  24 orc priests
  2 quasits (Abyss:2)
  4 iron imps
  8 jellies
  Crazy Yiuf (D:4)
  15 starcursed masses
  2 gnoll boudas
  5 hounds
  5 iguanas
  28 orc wizards
  2 lightning spires (WizLab)
  3 troll simulacra (D:12)
  A wolf simulacrum (IceCv)
  7 adders
  7 gnolls
  A naga simulacrum (D:12)
  2 shadow imps
  3 white imps
  2 worms
  3 dart slugs
  120 orcs
  5 bats
  5 endoplasms
  2 giant cockroaches
  6 goblins
  14 hobgoblins
  4 jackals (D:2)
  2 quokkas
  9 ball pythons
  2 frilled lizards
  30 kobolds
  10 rats
  4 tentacles (Shoals:4)
1787 creatures vanquished.

Vanquished Creatures (collateral kills)
  An ironbound thunderhulk (Vaults:3)
  A yaktaur (Vaults:3)
  A gnoll bouda (D:8)
  4 gnolls (D:8)
7 creatures vanquished.

Vanquished Creatures (others)
  A skeletal warrior (D:12)
  A water nymph (Shoals:4)
  A large abomination (Abyss:3)
  A small abomination (Abyss:3)
  18 bushes
  11 demonic plants (Abyss:3)
  40 fungi
  187 plants
  16 tentacles (Shoals:4)
276 creatures vanquished.

Grand Total: 2070 creatures vanquished

Notes
Turn   | Place    | Note
-------+----------+-------------------------------------------
     0 | D:1      | experimilk the Draconian Conjurer began the quest for the
                  | Orb.
     0 | D:1      | Reached XP level 1. HP: 14/14 MP: 3/3
   603 | D:1      | Reached XP level 2. HP: 20/20 MP: 0/5
   606 | D:1      | Learned a level 2 spell: Searing Ray
  1604 | D:2      | Reached XP level 3. HP: 18/26 MP: 0/6
  1884 | D:2      | Reached skill level 5 in Conjurations
  2265 | D:2      | Learned a level 2 spell: Momentum Strike
  2292 | D:2      | Reached XP level 4. HP: 33/33 MP: 5/8
  3184 | D:3      | Reached skill level 1 in Translocations
  3260 | D:3      | Found Atoklytz's Antique Weapon Shop.
  3531 | D:4      | Learned a level 4 spell: Iskenderun's Mystic Blast
  3810 | D:4      | Noticed a scorpion
  3813 | D:4      | Killed a scorpion
  3814 | D:4      | Reached XP level 5. HP: 38/38 MP: 5/9
  3910 | D:4      | Found a sacrificial altar of Ru.
  4004 | D:4      | Noticed a phantom
  4009 | D:4      | Killed a phantom
  4182 | D:4      | Noticed an ogre
  4187 | D:4      | Killed an ogre
  4188 | D:4      | Reached XP level 6. HP: 43/45 MP: 3/10
  4296 | D:4      | Found a burning altar of Makhleb.
  4558 | D:4      | Found a runed translucent door.
  4559 | D:4      | Noticed Crazy Yiuf
  4736 | D:4      | Killed Crazy Yiuf
  4844 | D:5      | Entered Level 5 of the Dungeon
  4887 | D:5      | Found a staircase to the Ecumenical Temple.
  4897 | Temple   | Entered the Ecumenical Temple
  4935 | Temple   | Became a worshipper of Vehumet
  4958 | D:5      | Learned a level 2 spell: Blink
  4997 | D:5      | Noticed Sigmund
  5016 | D:5      | Your scales start taking on a dull iron-grey colour.
  5016 | D:5      | Reached XP level 7. HP: 42/50 MP: 8/11
  5149 | D:5      | Killed Sigmund
  5453 | D:5      | Identified the +1 pair of boots "Lero" {Int+5 Stlth+}
  5526 | D:5      | Reached XP level 8. HP: 57/57 MP: 3/13
  5530 | D:5      | Reached skill level 5 in Translocations
  5934 | D:5      | Reached * piety under Vehumet
  5934 | D:5      | Offered knowledge of Kiss of Death by Vehumet.
  6550 | D:6      | Found Erifajey's Weapon Emporium.
  6618 | D:6      | Learned a level 3 spell: Vampiric Draining
  6645 | D:6      | Reached skill level 5 in Spellcasting
  6868 | D:6      | Learned a level 3 spell: Stone Arrow
  6885 | D:6      | Found an ornate altar of the Wu Jian Council.
  6907 | D:6      | Reached skill level 1 in Necromancy
  7566 | D:7      | Reached XP level 9. HP: 62/62 MP: 8/16
  7891 | D:7      | Found Oluydoec's General Store.
  8089 | D:7      | Reached skill level 10 in Conjurations
  8090 | D:7      | Offered knowledge of Foxfire by Vehumet.
  8092 | D:7      | Reached ** piety under Vehumet
  8564 | D:7      | Bought a scroll of noise for 13 gold pieces
  8564 | D:7      | Bought a scroll of fog for 52 gold pieces
  8564 | D:7      | Bought a scroll of teleportation for 39 gold pieces
  8564 | D:7      | Bought a scroll of identify for 26 gold pieces
  8727 | D:7      | Found a glowing silver altar of Zin.
  8727 | D:7      | Found a basalt altar of Yredelemnul.
  8734 | D:7      | Found an iron altar of Okawaru.
  8736 | D:7      | Found a shimmering altar of Xom.
  8738 | D:7      | Found a white marble altar of Elyvilon.
  8852 | D:7      | Found a sparkling altar of Nemelex Xobeh.
  8854 | D:7      | Reached skill level 1 in Earth Magic
  9012 | D:7      | Found an opulent altar of Gozag.
  9070 | D:8      | Noticed a komodo dragon
  9122 | D:8      | Killed a komodo dragon
  9123 | D:8      | Reached skill level 2 in Earth Magic
  9303 | D:8      | Offered knowledge of Static Discharge by Vehumet.
  9380 | D:8      | Reached skill level 3 in Earth Magic
  9380 | D:8      | Reached XP level 10. HP: 69/69 MP: 7/17
  9505 | D:8      | Noticed a cyclops
  9513 | D:8      | Killed a cyclops
  9587 | D:8      | Reached skill level 5 in Necromancy
  9629 | D:8      | Noticed a two-headed ogre
  9680 | D:8      | Noticed a manticore
  9688 | D:8      | Killed a manticore
  9689 | D:8      | Reached *** piety under Vehumet
  9701 | D:8      | Found a transporter.
 10275 | D:8      | Found a staircase to the Lair.
 10643 | D:8      | Reached skill level 4 in Earth Magic
 10802 | D:8      | Killed a two-headed ogre
 10866 | D:8      | Reached skill level 5 in Earth Magic
 11069 | D:8      | Reached XP level 11. HP: 54/74 MP: 11/19
 11231 | D:8      | Found a transporter.
 11252 | D:8      | Found a transporter.
 11418 | D:8      | Offered knowledge of Mephitic Cloud by Vehumet.
 11435 | D:8      | Learned a level 5 spell: Agony
 11898 | D:9      | Noticed a two-headed ogre
 11908 | D:9      | Killed a two-headed ogre
 12291 | D:8      | Found a transporter.
 12803 | D:9      | Reached **** piety under Vehumet
 13624 | D:9      | Noticed a two-headed ogre
 13629 | D:9      | Killed a two-headed ogre
 13630 | D:9      | Reached skill level 1 in Evocations
 13790 | D:9      | Offered knowledge of Lightning Bolt by Vehumet.
 14171 | D:10     | Entered Level 10 of the Dungeon
 14171 | D:10     | Noticed Psyche
 14825 | D:10     | Learned a level 3 spell: Lesser Beckoning
 15294 | D:10     | Killed Psyche
 16292 | D:10     | Noticed a two-headed ogre
 16299 | D:10     | Killed a two-headed ogre
 17287 | D:11     | Noticed a green ugly thing
 17291 | D:11     | Killed a green ugly thing
 17292 | D:11     | Reached XP level 12. HP: 63/81 MP: 11/23
 17549 | Lair:1   | Entered Level 1 of the Lair of Beasts
 17693 | Lair:1   | Noticed Urug
 17699 | Lair:1   | Killed Urug
 18010 | Lair:1   | Identified the +4 ring mail of Resourcefulness {Contam
                  | Str+5}
 18309 | Lair:1   | Learned a level 4 spell: Petrify
 18661 | Lair:2   | Found a staircase to the Shoals.
 18947 | Lair:2   | Reached skill level 5 in Evocations
 19441 | Lair:3   | Reached ***** piety under Vehumet
 19441 | Lair:3   | Offered knowledge of Airstrike by Vehumet.
 19442 | Lair:3   | Reached skill level 1 in Fighting
 19442 | Lair:3   | Reached skill level 1 in Transmutations
 19455 | Lair:3   | Reached skill level 6 in Earth Magic
 19706 | Lair:3   | Reached skill level 7 in Earth Magic
 19912 | Lair:3   | Found a staircase to the Snake Pit.
 19981 | Lair:3   | Noticed an eight-headed hydra
 19986 | Lair:3   | Killed an eight-headed hydra
 20664 | Lair:4   | Noticed a death yak
 20677 | Lair:4   | Killed a death yak
 20678 | Lair:4   | Reached skill level 8 in Earth Magic
 20739 | Lair:4   | Reached XP level 13. HP: 94/94 MP: 21/26
 20774 | Lair:4   | Found a dark tunnel.
 20779 | Volcano  | Entered a volcano
 21164 | Volcano  | Noticed a red draconian
 21173 | Volcano  | Killed a red draconian
 21409 | Volcano  | Found a radiant altar of Vehumet.
 21433 | Volcano  | Reached skill level 9 in Earth Magic
 21519 | Volcano  | Reached skill level 5 in Transmutations
 21586 | Volcano  | Found a bloodstained altar of Trog.
 22164 | Lair:4   | Reached skill level 10 in Spellcasting
 22770 | Lair:5   | Entered Level 5 of the Lair of Beasts
 23813 | Lair:5   | Found a staircase to the Slime Pits.
 23814 | Lair:5   | Found a viscous altar of Jiyva.
 23832 | Lair:5   | Reached skill level 1 in Shields
 23922 | Lair:5   | Reached skill level 10 in Earth Magic
 24102 | Lair:5   | Learned a level 1 spell: Apportation
 24262 | Lair:5   | Offered knowledge of Starburst by Vehumet.
 24787 | Lair:5   | Reached skill level 11 in Earth Magic
 24791 | Lair:5   | Identified the +3 sling "Qujucw" {heavy, Will+}
 24973 | Lair:5   | Reached XP level 14. HP: 88/102 MP: 9/29
 25757 | Lair:5   | Identified a scroll of acquirement
 25758 | Lair:5   | Acquired the ring "Taaclu" {MP+9 Dex+2}
 25927 | Lair:5   | Reached skill level 5 in Fighting
 25939 | Lair:5   | Reached skill level 5 in Shields
 26104 | Lair:5   | Found a corrupted altar of Lugonu.
 26104 | Lair:5   | Found a one-way gate to the infinite horrors of the Abyss.
 26115 | Lair:5   | Identified the +0 falchion of Catibuot {freeze, rF++ Int-5}
 26202 | Lair:5   | Reached skill level 5 in Dodging
 26670 | D:11     | Reached skill level 1 in Long Blades
 26950 | D:11     | Offered knowledge of Lee's Rapid Deconstruction by Vehumet.
 26957 | D:11     | Learned a level 5 spell: Lee's Rapid Deconstruction
 27115 | D:11     | Found a staircase to the Orcish Mines.
 27403 | Orc:1    | Entered Level 1 of the Orcish Mines
 27884 | Orc:1    | Noticed Maurice
 27891 | Orc:1    | Killed Maurice
 27892 | Orc:1    | Reached skill level 5 in Long Blades
 28340 | Orc:1    | Found Meopug's CLEARANCE SALE!.
 28415 | Orc:2    | Entered Level 2 of the Orcish Mines
 28547 | Orc:2    | Found Toont's Weapon Shop.
 28560 | Orc:2    | Found a staircase to the Elven Halls.
 28869 | Orc:1    | Found Loask's General Store.
 29147 | Orc:2    | Found Nash's Book Boutique.
 29161 | Orc:2    | Bought a book of Iron for 504 gold pieces
 29371 | Orc:2    | Offered knowledge of Arcjolt by Vehumet.
 29412 | Orc:2    | Found Wyapt's Jewellery Shop.
 29479 | Orc:2    | Noticed Saint Roka
 29808 | Orc:2    | Killed Saint Roka
 30111 | Orc:2    | Found Yxto's Antique Armour Emporium.
 30113 | Orc:2    | Found Quewec's Antique Weapon Shoppe.
 30220 | Orc:2    | Bought a runed demon blade for 396 gold pieces
 30226 | Orc:2    | Bought a runed hat for 203 gold pieces
 30284 | Orc:1    | Bought a scroll of blinking for 97 gold pieces
 30284 | Orc:1    | Bought a scroll of blinking for 97 gold pieces
 30782 | D:12     | Found Nanudy Vaist's Book Boutique.
 30814 | D:12     | Found a frozen archway.
 30826 | IceCv    | Entered an ice cave
 30837 | IceCv    | Reached XP level 15. HP: 87/113 MP: 11/30
 31008 | IceCv    | Found a transporter.
 31018 | IceCv    | Found a transporter.
 31035 | IceCv    | Learned a level 6 spell: Iron Shot
 31561 | D:12     | Bought a book of the Hunter for 364 gold pieces
 31597 | D:12     | Found Leenanedu's Antique Weapon Boutique.
 31695 | D:12     | Found Geuhasikk's Book Emporium.
 31710 | D:12     | Found Paojyzopho's Distillery.
 31770 | D:12     | Reached skill level 10 in Long Blades
 32076 | D:12     | Found Furphuefi's Antique Armour Boutique.
 32081 | D:12     | Bought a pair of gloves for 81 gold pieces
 32308 | D:12     | Bought 2 potions of magic for 240 gold pieces
 32308 | D:12     | Bought a potion of brilliance for 60 gold pieces
 32331 | D:12     | Found the +5 robe of Night {Dark Will+ SInv}
 32343 | D:12     | Got the Octavo of the Excursion and the Entourage
 33320 | D:13     | Offered knowledge of Fireball by Vehumet.
 33791 | D:13     | Found a gate to the Vaults.
 33907 | D:13     | Reached skill level 12 in Earth Magic
 33959 | D:14     | Found Azay's Gadget Gallery.
 35290 | D:14     | Noticed Louise
 35672 | Snake:1  | Entered Level 1 of the Snake Pit
 36383 | Snake:1  | Found Tudghezesch's Assorted Antiques.
 36397 | Snake:1  | Found Atsuff's Magic Scroll Emporium.
 36412 | Snake:1  | Found a transporter.
 36414 | Snake:1  | Noticed drugrobin's ghost (journeyman DgDe)
 36415 | Snake:1  | Found a transporter.
 36455 | Snake:1  | Found Uple's Overcharged Wands.
 36539 | Snake:1  | Reached skill level 13 in Earth Magic
 36555 | Snake:1  | Found Biffonag's Book Boutique.
 37163 | Orc:2    | Bought a ring of poison resistance for 360 gold pieces
 38453 | Snake:2  | Reached XP level 16. HP: 119/119 MP: 16/32
 38508 | Snake:2  | Reached skill level 15 in Conjurations
 39367 | Snake:2  | Learned a level 5 spell: Borgnjor's Vile Clutch
 39640 | Snake:3  | Found a transporter.
 39779 | Snake:3  | Identified the +2 great sword of Eternal War {elec, rElec
                  | Will+ Str-5 Int+4}
 39917 | Snake:3  | Found Javvyos's Armour Boutique.
 40536 | Snake:3  | Noticed experimilk's ghost (adept DrCj)
 40546 | Snake:3  | Found a transporter.
 41030 | Snake:4  | Entered Level 4 of the Snake Pit
 41195 | Snake:4  | Offered knowledge of Conjure Ball Lightning by Vehumet.
 42073 | Snake:4  | Noticed Donald
 42084 | Snake:4  | Killed Donald
 42097 | Snake:4  | Reached skill level 14 in Earth Magic
 42653 | Snake:4  | Identified the +3 falchion of Qootaet {flame, rElec rPois
                  | rC+ Dex+3}
 43153 | Snake:4  | Noticed a quicksilver dragon
 43155 | Snake:4  | Noticed a quicksilver dragon
 43431 | Snake:4  | Killed a quicksilver dragon
 43443 | Snake:4  | Killed a quicksilver dragon
 43502 | Snake:4  | Reached skill level 15 in Earth Magic
 43536 | Snake:4  | Reached ****** piety under Vehumet
 43807 | Snake:4  | Got a serpentine rune of Zot
 44337 | Shoals:1 | Entered Level 1 of the Shoals
 44458 | Shoals:1 | Reached XP level 17. HP: 57/126 MP: 20/34
 45510 | Shoals:1 | Offered knowledge of Lehudib's Crystal Spear by Vehumet.
 45804 | Shoals:2 | Found Dungomm's Desiderata Depot.
 47602 | Shoals:3 | Noticed a kraken
 47675 | Shoals:4 | Entered Level 4 of the Shoals
 47695 | Shoals:4 | Reached skill level 16 in Earth Magic
 48695 | Shoals:4 | Offered knowledge of Shatter by Vehumet.
 48695 | Shoals:4 | Offered knowledge of Chain Lightning by Vehumet.
 48695 | Shoals:4 | Offered knowledge of Maxwell's Capacitive Coupling by
                  | Vehumet.
 49777 | Shoals:4 | Noticed a kraken
 49957 | Shoals:4 | Noticed a kraken
 49962 | Shoals:4 | Killed a kraken
 50384 | Shoals:4 | Got a barnacled rune of Zot
 50460 | Lair:2   | Identified the +8 scale mail of Oluos {Fly rC+}
 50712 | Vaults:1 | Entered Level 1 of the Vaults
 50804 | Vaults:1 | Reached skill level 17 in Earth Magic
 51464 | Vaults:1 | Reached XP level 18. HP: 139/139 MP: 29/35
 54082 | Vaults:2 | Found a staircase to the Crypt.
 54082 | Vaults:2 | Found a basalt altar of Yredelemnul.
 54082 | Vaults:2 | Found an ancient bone altar of Kikubaaqudgha.
 54504 | D:14     | Bought a phantom mirror for 520 gold pieces
 54993 | Vaults:2 | Reached skill level 18 in Earth Magic
 56506 | Vaults:3 | Found a flickering gateway to a bazaar.
 56515 | Bazaar   | Entered a bazaar
 56515 | Bazaar   | Found the +3 giant club "Skullcrusher" {speed, Str+7}
 56515 | Bazaar   | Found Coiskarph's Weapon Boutique.
 56515 | Bazaar   | Found Xaheh's Antique Weapon Shop.
 56515 | Bazaar   | Found Veisiz's Antique Armour Shop.
 56911 | Vaults:3 | Reached XP level 19. HP: 97/145 MP: 6/36
 57823 | Vaults:3 | Reached skill level 19 in Earth Magic
 58967 | Snake:1  | Killed drugrobin's ghost
 59222 | Snake:1  | Identified the +2 helmet of Unambiguity {-Tele Harm Will++
                  | rCorr}
 61783 | Vaults:4 | Reached skill level 15 in Spellcasting
 61793 | Vaults:4 | Learned a level 9 spell: Shatter
 63581 | Elf:1    | Entered Level 1 of the Elven Halls
 63582 | Elf:1    | Identified the +2 kite shield of Leaves {Rampage +Blink
                  | rElec Stlth-}
 63582 | Elf:1    | Noticed Asterion
 63613 | Elf:1    | Gained mutation: You are weak. (Str -2) [a cacodemon]
 64009 | Elf:1    | Killed Asterion
 64010 | Elf:1    | Reached XP level 20. HP: 152/152 MP: 22/39
 64148 | Elf:1    | Reached skill level 10 in Necromancy
 64152 | Abyss:2  | Found a corrupted altar of Lugonu.
 64152 | Abyss:2  | Cast into level 2 of the Abyss (a deep elf sorcerer)
 64211 | Abyss:2  | Found a corrupted altar of Lugonu.
 64213 | Abyss:2  | Found a corrupted altar of Lugonu.
 64213 | Abyss:2  | Found a corrupted altar of Lugonu.
 64642 | Elf:1    | Escaped the Abyss
 64650 | Elf:1    | Reached skill level 20 in Earth Magic
 64666 | Elf:1    | Noticed Jorgrun
 64670 | Elf:1    | Killed Jorgrun
 65716 | Elf:1    | Noticed Zenata
 65724 | Elf:1    | Killed Zenata
 66040 | Elf:2    | Found a magical portal.
 66045 | WizLab   | Entered Maxwell's Workshop
 66638 | WizLab   | Identified the ring "Jikheclexu" {Fire rN++ Dex-3}
 66770 | WizLab   | Identified the +2 robe "Pevufoaj" {Str+4}
 67222 | WizLab   | Reached skill level 21 in Earth Magic
 67565 | WizLab   | Identified the ring of Udwiatod {Fly rCorr AC+4 SInv}
 67623 | WizLab   | Identified the ring "Yron" {Fire rElec Str+6}
 68337 | Elf:2    | Found a runed translucent gate.
 68338 | Elf:2    | Found a runed translucent gate.
 68338 | Elf:2    | Found a runed translucent gate.
 68776 | Elf:3    | Entered Level 3 of the Elven Halls
 69359 | Abyss:2  | Cast into level 2 of the Abyss (a deep elf demonologist)
 69665 | Abyss:2  | Reached XP level 21. HP: 122/159 MP: 40/42
 69735 | Elf:3    | Escaped the Abyss
 69876 | Elf:3    | Identified the +1 rapier of Idalu {freeze, Will+}
 69934 | Elf:3    | Identified the +1 long sword of Bacablyvva {flame, Fragile
                  | Will+ Dex+3 Stlth+}
 69940 | Elf:3    | Found Roinwio's Antique Weapon Shop.
 70444 | Elf:3    | Identified the +7 rapier "Ingurach" {vamp, Fly Str+2}
 70445 | Abyss:3  | Cast into level 3 of the Abyss (a deep elf sorcerer)
 70797 | Abyss:3  | Reached skill level 22 in Earth Magic
 70847 | Abyss:3  | Noticed a profane servitor
 70858 | Abyss:3  | Killed a profane servitor
 70861 | Elf:3    | Escaped the Abyss
 70973 | Elf:3    | Identified the +8 whip of Destiny {drain, rElec}
 71352 | Elf:3    | Got Kynigre's Book of Stolen Souls and the Entourage
 72038 | D:14     | Bought a condenser vane for 520 gold pieces
 72168 | D:14     | Killed Louise
 72480 | D:15     | Entered Level 15 of the Dungeon
 72524 | D:15     | Reached skill level 23 in Earth Magic
 72624 | D:15     | Found a staircase to the Depths.
 72969 | D:15     | Identified the +7 falchion "Cejiasm" {freeze, rC+ rN+ Int+3
                  | Stlth+}
 73209 | Depths:1 | Entered Level 1 of the Depths
 73245 | Depths:1 | Reached skill level 10 in Evocations
 73630 | Depths:1 | Found a one-way gate leading to the halls of Pandemonium.
 73822 | Depths:1 | Reached XP level 22. HP: 172/172 MP: 43/43
 73829 | Depths:1 | Found a gateway to Hell.
 74886 | Depths:2 | Found a one-way gateway to a ziggurat.
 74907 | Depths:2 | Found Gaunn's Book Emporium.
 75172 | Depths:2 | Got Eleuseas's Papyrus of Ghoulish Evolution
 75186 | Depths:2 | Identified the +4 mace of Overwhelming Force {freeze, Drain
                  | rN+ Dex+5}
 75425 | Depths:3 | Noticed a golden dragon
 75426 | Depths:3 | Noticed a caustic shrike
 75427 | Depths:3 | Noticed a golden dragon
 75428 | Depths:3 | Noticed a golden dragon
 75514 | Depths:3 | Killed a golden dragon
 75576 | Depths:3 | Killed a golden dragon
 75618 | Depths:3 | Killed a caustic shrike
 75627 | Depths:3 | Killed a golden dragon
 75817 | Depths:3 | Found Ipuck's Magic Scroll Boutique.
 75902 | Depths:3 | Noticed Margery
 75910 | Depths:3 | Killed Margery
 76528 | Depths:3 | Noticed a golden dragon
 76531 | Depths:3 | Killed a golden dragon
 76589 | Depths:3 | Noticed Vv
 76592 | Depths:3 | Killed Vv
 76682 | Depths:3 | Reached skill level 10 in Fighting
 76882 | Depths:3 | Noticed a golden dragon
 76890 | Depths:3 | Killed a golden dragon
 77020 | Depths:3 | Found a runed translucent door.
 77024 | Depths:3 | Identified the ring "Qiowoang" {rC++ Will- EV+5 Slay+4}
 77025 | Depths:3 | Identified the +9 arbalest "Qataihar" {antimagic, rF- rN+
                  | Int+4 Dex+2}
 77654 | Depths:3 | Identified the +7 quarterstaff of the Dove {freeze, rElec
                  | rPois rN+ Str-5}
 77682 | Depths:4 | Entered Level 4 of the Depths
 77775 | Depths:4 | Noticed a golden dragon
 77779 | Depths:4 | Killed a golden dragon
 77780 | Depths:4 | Reached skill level 24 in Earth Magic
 78085 | Depths:4 | Noticed a golden dragon
 78099 | Depths:4 | Killed a golden dragon
 78112 | Depths:4 | Noticed a golden dragon
 78416 | Depths:4 | Noticed Grunn
 78426 | Depths:4 | Killed Grunn
 78460 | Depths:4 | HP: 8/163 [Tzitzimitl/bolt of negative energy[a doom hound]
                  | (34)]
 78463 | Depths:4 | Killed from afar by a Tzitzimitl

Illustrated notes

Levels and vault maps discovered:
D:1:      heliophobic_arrival_dark_side_of_the_moon, layout_basic
D:2:      layout_basic
D:3:      layout_basic, serial_shops, nicolae_shop_advertising_works
          [nicolae_subvault_shop_adworks], chequers_garden
D:4:      layout_loops_ring, nicolae_ru_sacrificial_ziggurat, bloody_makhleb,
          uniq_crazy_yiuf_cottage
D:5:      layout_rooms, minmay_temple_entry_statues_pillars, uniq_sigmund
D:6:      layout_basic, old_standard_altar, serial_shops, nicolae_shop_stone
D:7:      layout_rooms, grunt_gozag_statues, nemelex_diamond_rough_becter,
          chequers_temple_overflow_minitemple, serial_shops,
          nicolae_stop_n_shop_2
D:8:      minmay_opposing_rooms, layout_cave_pools,
          grunt_lair_entry_orc_guard_hut, serial_bayou_lagoon_a,
          nicolae_transporter_intersection
D:9:      layout_irregular_city
D:10:     layout_cave_pools, special_room [special_room_orc], uniq_psyche
D:11:     layout_loops_corners, david_orc_1_choice
D:12:     cheibrodos_orc_bank, layout_rooms,
          portal_ice_cave_entry_ice_simulacra, serial_shops,
          nicolae_shop_statue_plus, shop, shop_fountains, shop, shop,
          minmay_lindwurm_lava
D:13:     layout_roguey, david_vaults_4, minmay_protected_statue
D:14:     minmay_slanted_spiral_squares, layout_cross, nicolae_shop_gadgets,
          uniq_louise
D:15:     grunt_enter_depths_giant_problem, layout_cave_pools,
          grunt_decor_resistance, fountainhead, dreamdust_deal_with_the_devil
Temple:   hellmonk_temple_forest_ring
Lair:1:   layout_cave_shapes, bh_autumn_forest_stairs, uniq_urug
Lair:2:   layout_cellular_growth, shoals_dummy_entry
Lair:3:   layout_regular_city, guppyfry_snake_entry_garden,
          infiniplex_staircase_pool
Lair:4:   layout_cave_pods, nicolae_volcano_entry_s_turn,
          grunt_forest_large_clearing_hut
Lair:5:   hellmonk_lair_end_abyssal_woods, layout_cave_pods,
          nicolae_slime_entry_slimehenge, minivault_26
Shoals:1: layout_shoals
Shoals:2: layout_shoals, nicolae_alphabet_shops
Shoals:3: layout_shoals, nicolae_shoals_pincushion_passage
Shoals:4: shoals_end_hangedman, layout_shoals, nicolae_splish_splash
Snake:1:  layout_gridlike, gammafunk_ghost_arena, serial_shops, shop, drop_trap,
          nicolae_snake_double_loop, nicolae_shop_overcharged_wands,
          lemuel_fruit_tree, minmay_shoptagon
Snake:2:  layout_misc_corridors, grunt_ministairs_13, grunt_megastairs_4
Snake:3:  layout_layer_cave, gammafunk_ghost_arena, serial_shops, shop
Snake:4:  hellmonk_snake_rune_quicksilver_temple, layout_cave_town,
          grunt_ministairs_8, uniq_donald
Orc:1:    nicolae_orc_accident_1, layout_diamond_mine, serial_shops, shop,
          nicolae_shop_clearance, uniq_maurice
Orc:2:    grunt_orc_community_town_hall, layout_caves,
          grunt_orc_community_big_house_1, grunt_orc_community_big_house_1,
          grunt_orc_community_house_1, grunt_orc_community_house_3,
          grunt_orc_community_house_1, grunt_orc_community_house_1,
          grunt_orc_community_house_1, grunt_orc_community_house_1,
          serial_shops, nicolae_shop_hallway_plus
Elf:1:    eino_elf_arrival_customs, layout_geoelf_grid, hangedman_elf_disciples,
          uniq_zenata, uniq_asterion, uniq_jorgrun
Elf:2:    nicolae_elf_blades_crystal_corner, layout_loops_cross,
          mu_enter_wizlab_1, hangedman_elf_power_crystal,
          nicolae_elf_big_sculpture_2
Elf:3:    minmay_elf_hall_spiked, layout_onion_city, serial_shops,
          nicolae_shop_waterfront, einodemon_barbed_minivault
Vaults:1: nicolae_vaults_theta, hangedman_vaults_nails, vaults_mumra_hexcomb,
          vaults_dpeg_emergency_exit, nicolae_vaults_ring_of_whatevers,
          hangedman_vaults_trim, nicolae_vaults_little_squares_1,
          layout_vaults_omnigrid, serial_shops
Vaults:2: ontoclasm_vaults_spin, minmay_crypt_entry_necro_gods,
          hangedman_vaults_nodes, v_misc_12, v_rooms_2,
          hangedman_vaults_stretched_pinwheel, hangedman_vaults_nails,
          hangedman_vaults_river_flow, vaults_dpeg_spiral,
          ontoclasm_vaults_decontamination, layout_vaults_ring
Vaults:3: grunt_vaults_funnel, vaults_mumra_minichess,
          hangedman_vaults_capsules, hangedman_vaults_slice,
          nicolae_vaults_asterisk, ontoclasm_vaults_ring_square, v_pattern_5,
          vaults_room_ringed_pool, nicolae_vaults_display_case,
          nicolae_vaults_theta, hangedman_vaults_stream, ontoclasm_vaults_pinch,
          vaults_room_door_ring, layout_vaults_maze_bifur, serial_shops,
          bzr_entry_water
Vaults:4: v_misc_18, nicolae_vaults_sealed_display, dpeg_vaults_monster_box,
          nicolae_vaults_ring_of_whatevers, ontoclasm_vaults_misaligned,
          nicolae_vaults_stairing_the_circle,
          nicolae_vaults_windows_and_doors_thing,
          nicolae_vaults_mini_display_case, ontoclasm_vaults_fault,
          vaults_dpeg_hooks, vaults_dpeg_ring, layout_vaults_chaotic_city,
          uniq_saint_roka
Depths:1: layout_cave_pools, pan_entry, hangedman_coc_ice_floe,
          kennysheep_underground_church
Depths:2: nicolae_cairo_tiling, layout_cave_shapes, enter_ziggurat_f,
          serial_shops, nicolae_shop_waterfront, pan_entry,
          hangedman_decor_push, hell_entry, corexii_leaking_fountain,
          minivault_15
Depths:3: minmay_gate_of_8, layout_honeycomb, abyss_entry, serial_shops,
          shop_fountains, hell_entry, st_stairs_12, minmay_swirly_circle,
          uniq_margery, uniq_vv
Depths:4: evilmike_zot_entry_diamond, layout_cave_pools, abyss_entry,
          grunt_pan_entry_zigzag, corexii_hall_statues_l, hell_entry,
          nicolae_benzene_ring, uniq_josephina, uniq_grunn

Skill      XL: |  1  2  3  4  5  6  7  8  9 10 11 12 13 14 15 16 17 18 19 20 21 22 |
---------------+-------------------------------------------------------------------+-----
Conjurations   | 5 6 7 9 11 12 13 14 16 18 19 21 | 21.0
Spellcasting   | 3 5 7 9 11 12 13 15 17 | 17.0
Translocations | 2 3 4 5 7 9 |  9.0
Necromancy     | 2 3 6 9 11 | 11.0
Earth Magic    | 3 5 8 11 13 15 17 18 19 21 23 24 | 24.3
Evocations     | 3 5 6 7 10 13 | 13.0
Fighting       | 3 5 7 9 10 | 10.8
Transmutations | 3 5 |  5.0
Dodging        | 3 5 7 |  7.0
Shields        | 3 5 7 9 |  9.0
Long Blades    | 9 10 | 10.0
Stealth        | |  1.7

Action                   |  1- 3 |  4- 6 |  7- 9 | 10-12 | 13-15 | 16-18 | 19-21 | 22-24 || total
-------------------------+-------+-------+-------+-------+-------+-------+-------+-------++-------
Melee: Unarmed           |    10 |       |       |       |       |       |       |       ||    10
       Dagger            |     9 |     4 |       |       |       |       |       |       ||    13
       Tailslap          |     4 |       |     4 |     7 |    10 |    22 |    20 |     5 ||    72
       Quarterstaff      |       |       |    15 |       |       |       |       |       ||    15
       Spear             |       |       |    21 |    86 |     6 |       |       |       ||   113
       Staff             |       |       |       |     1 |       |       |       |       ||     1
       Long sword        |       |       |       |       |    52 |   104 |    98 |       ||   254
       Demon blade       |       |       |       |       |       |       |     6 |    16 ||    22
 Cast: Magic Dart        |    66 |    62 |    56 |   101 |   140 |    56 |    43 |     6 ||   530
       Searing Ray       |     2 |     7 |    19 |     5 |     1 |       |       |       ||    34
       Momentum Strike   |       |    18 |    27 |    22 |       |       |       |       ||    67
       Stone Arrow       |       |       |    40 |   272 |   486 |       |       |       ||   798
       Iskenderun's Myst |       |       |     2 |    29 |    63 |    38 |    22 |     2 ||   156
       Vampiric Draining |       |       |       |     3 |       |       |       |       ||     3
       Blink             |       |       |       |     2 |       |       |       |       ||     2
       Agony             |       |       |       |    12 |    23 |     5 |       |       ||    40
       Petrify           |       |       |       |       |     9 |    19 |     5 |       ||    33
       Lee's Rapid Decon |       |       |       |       |    31 |    81 |   119 |    43 ||   274
       Iron Shot         |       |       |       |       |   180 |   546 |   563 |   146 ||  1435
       Borgnjor's Vile C |       |       |       |       |       |    37 |    17 |     6 ||    60
       Lesser Beckoning  |       |       |       |       |       |     2 |       |       ||     2
       Apportation       |       |       |       |       |       |     1 |       |       ||     1
       Shatter           |       |       |       |       |       |       |    21 |    16 ||    37
Evoke: Wand              |       |       |     1 |    14 |     3 |     2 |       |       ||    20
       Phial of floods   |       |       |       |     2 |     2 |     3 |       |     1 ||     8
       Tin of tremorston |       |       |       |     2 |     2 |     4 |     2 |     2 ||    12
       Phantom mirror    |       |       |       |       |       |       |     1 |     1 ||     2
       Lightning rod     |       |       |       |       |       |       |       |     3 ||     3
       Condenser vane    |       |       |       |       |       |       |       |     2 ||     2
  Use: Scroll            |     2 |     3 |     5 |    16 |    19 |    13 |    13 |     6 ||    77
       Potion            |       |     3 |     1 |     3 |     3 |     5 |     4 |     6 ||    25
 Stab: Sleeping          |       |       |       |     1 |       |       |       |       ||     1
       Invisible         |       |       |       |     1 |       |       |       |       ||     1
       Distracted        |       |       |       |       |     1 |     3 |     1 |       ||     5
Armor: Skin              |     4 |     1 |    22 |    91 |   108 |   143 |   107 |    30 ||   506
Dodge: Dodged            |    12 |     8 |    39 |    81 |   182 |   137 |   121 |    21 ||   601
Block: Buckler           |       |       |     1 |    14 |    62 |    22 |       |       ||    99
       Kite shield       |       |       |       |       |       |   166 |   175 |    30 ||   371
       Reflection        |       |       |       |       |       |    20 |    32 |     1 ||    53

Table legend: (Time is in decaauts)
 A = Elapsed time spent in this place.
 B = Non-inter-level travel time spent in this place.
 C = Inter-level travel time spent in this place.
 D = Time resting spent in this place.
 E = Time spent auto-exploring this place.
 F = Levels seen in this place.
 G = Mean time per level.
                   A        B        C        D        E       F      G
               +--------+--------+--------+--------+--------+-----+--------+
         Total |  78644 |  72794 |   5850 |  33143 |  23815 |  49 | 1605.0 |
       Dungeon |  25922 |  23748 |   2174 |   9183 |  11558 |  15 | 1728.1 |
        Temple |     53 |     39 |     14 |      0 |     24 |   1 |   53.0 |
          Lair |   9274 |   7720 |   1554 |   3344 |   2519 |   5 | 1854.8 |
        Shoals |   6119 |   6031 |     88 |   2753 |   1650 |   4 | 1529.8 |
     Snake Pit |   7780 |   7230 |    550 |   3264 |   2257 |   4 | 1945.0 |
  Orcish Mines |   3591 |   2994 |    597 |   1556 |    728 |   2 | 1795.5 |
   Elven Halls |   4624 |   4425 |    199 |   1927 |   1287 |   3 | 1541.3 |
        Vaults |  11504 |  10924 |    580 |   6085 |   1591 |   4 | 2876.0 |
        Depths |   4912 |   4821 |     91 |   1773 |   2102 |   4 | 1228.0 |
         Abyss |   1301 |   1301 |      0 |    685 |      0 |   3 |  433.7 |
        Bazaar |     23 |     23 |      0 |      0 |      0 |   1 |   23.0 |
      Ice Cave |    727 |    727 |      0 |    638 |      0 |   1 |  727.0 |
       Volcano |    826 |    826 |      0 |    519 |      8 |   1 |  826.0 |
        Wizlab |   1980 |   1980 |      0 |   1415 |     91 |   1 | 1980.0 |
               +--------+--------+--------+--------+--------+-----+--------+

Top non-repeatable levels by time:
     D:9: 4006 daAuts
Vaults:4: 3240 daAuts
Vaults:1: 3006 daAuts
 Snake:4: 2902 daAuts
Vaults:2: 2727 daAuts
  Lair:5: 2609 daAuts
Vaults:3: 2530 daAuts
Shoals:4: 2513 daAuts
     D:8: 2460 daAuts
   Orc:2: 2258 daAuts
    D:13: 2189 daAuts
   Elf:3: 2056 daAuts
  WizLab: 1980 daAuts
  Lair:1: 1949 daAuts
  Lair:4: 1947 daAuts
